 Dungeon Crawl Stone Soup version 0.30-a0-118-ga018f8e90f (webtiles) character file.

Game seed: 12094910820244717890

464 snetch the Covered (level 6, -2/79 HPs)
             Began as a Minotaur Berserker on Sept 13, 2022.
             Was a Priest of Trog.
             Killed from afar by Dowan (14 damage)
             ... with a stone arrow
             ... on level 4 of the Dungeon.
             The game lasted 00:06:43 (3154 turns).

snetch the Covered (Minotaur Berserker)             Turns: 3154, Time: 00:06:44

Health: -2/79      AC: 11    Str: 23    XL:     6   Next: 80%
Magic:  5/5        EV:  9    Int:  4    God:    Trog [***...]
Gold:   114        SH:  0    Dex: 10    Spells: 5/5 levels left

rFire   . . .      SeeInvis .    a - +0 hand axe
rCold   . . .      Faith    .    (no shield)
rNeg    . . .      Spirit   .    o - +0 chain mail
rPois   .          Reflect  .    (helmet restricted)
rElec   .          Harm     .    (no cloak)
rCorr   .          Rampage  .    (no gloves)
Will    .....                    l - +0 pair of boots
Stlth   ..........               (no amulet)
HPRegen 0.23/turn                (no ring)
MPRegen 0.09/turn                (no ring)

@: berserking, very quick
A: horns 2, retaliatory headbutt
a: Renounce Religion, Berserk, Trog's Hand


You were on level 4 of the Dungeon.
You worshipped Trog.
Trog was most pleased with you.
You visited 1 branch of the dungeon, and saw 4 of its levels.

You collected 114 gold pieces.

Inventory:

Hand Weapons
 a - a +0 hand axe (weapon)
 e - a +1 scythe of distortion
Missiles
 c - 22 stones (quivered)
Armour
 l - a +0 pair of boots (worn)
 o - a +0 chain mail (worn)
Scrolls
 b - 6 scrolls of identify {unknown}
 d - a scroll of amnesia {unknown}
 f - 4 scrolls of silence {unknown}
 g - a scroll of immolation {unknown}
 i - 3 scrolls of teleportation {unknown}
 k - a scroll of fear {unknown}
 n - a scroll of acquirement {unknown}
 q - a scroll of fog {unknown}
 r - a scroll of brand weapon {unknown}
 s - 3 scrolls of torment {unknown}
 t - 2 scrolls of vulnerability {unknown}
Potions
 h - 3 potions of heal wounds {unknown}
 j - 2 potions of curing {unknown}
 p - a potion of flight {unknown}
 u - a potion of might {unknown}


   Skills:
 + Level 4.7 Fighting
 + Level 5.6 Axes
 + Level 2.3 Throwing
 + Level 5.7 Armour
 + Level 3.2 Dodging
 + Level 0.3 Stealth


You had 5 spell levels left.
You didn't know any spells.
Your spell library was empty.

Dungeon Overview and Level Annotations

Branches:
Dungeon (4/15)
 Temple: D:4-7

Altars:
Gozag
Hepliaklqana
Kikubaaqudgha
Nemelex Xobeh
Wu Jian
Xom

Annotations:
D:4 Dowan


Innate Abilities, Weirdness & Mutations

You have a pair of horns on your head.
You reflexively headbutt those who attack you in melee.


Message History

Unknown command.
You hit Duvessa.
Duvessa is moderately wounded.
You hit Dowan.
Duvessa looks more healthy.
Dowan hits you with a +0 dagger. Duvessa hits you but does no damage.
The grasping roots constrict you.
The orc hits you from afar with a +0 trident.
* * * LOW HITPOINT WARNING * * *
The grasping roots release their grip on you.
You hit Duvessa but do no damage.
Duvessa is moderately wounded.
You closely miss Dowan. Dowan completely misses you.
The orc hits you but does no damage. Duvessa barely misses you.
Unknown command.
You barely miss Duvessa. You headbutt Duvessa.
Duvessa is heavily wounded.
You barely miss Dowan.
Unknown command.
You barely miss Duvessa.
Duvessa is heavily wounded.
You slash Dowan! Dowan hits you but does no damage.
Duvessa hits you with a +0 short sword.
* * * LOW HITPOINT WARNING * * *
The orc hits you from afar with a +0 trident.
* * * LOW HITPOINT WARNING * * *
You hit Duvessa. You headbutt Duvessa!
Duvessa is severely wounded.
You hit Dowan. Dowan barely misses you.
Duvessa gestures with her weapon.
Duvessa hits you with a +0 short sword.
* * * LOW HITPOINT WARNING * * *
The orc hits you but does no damage.
You slash Duvessa! You headbutt Duvessa.
You kill Duvessa!
Trog accepts your kill.
Dowan seems overcome with grief.
Dowan seems to find hidden reserves of power!
You closely miss Dowan. Dowan gestures at you while chanting.
The stone arrow hits you!
You die...

#.......# .......
#.......## .......
#........# .......
#........## ......(
#.........### ....(..
#...........#
.....o.#####............
...((()e.)...)..........
.......@)...............
........................
........................
............#####'######
#############.....#
..................#
...)..............#
..................#
###########'###+#####


You could see Dowan (fast) and an orc.

Vanquished Creatures
  Sigmund (D:2)
  Duvessa (D:4)
  An ogre (D:4)
  An orc priest (D:4)
  An iguana (D:4)
  Robin (D:2)
  5 adders
  An ufetubus (D:4)
  A worm (D:3)
  2 dart slugs
  8 orcs
  7 ball pythons
  9 endoplasms
  5 giant cockroaches
  14 goblins
  8 hobgoblins
  3 quokkas
  3 bats
  3 frilled lizards
  2 kobolds (D:1)
  6 rats
83 creatures vanquished.

Vanquished Creatures (others)
  6 plants
6 creatures vanquished.

Grand Total: 89 creatures vanquished

Notes
Turn   | Place    | Note
-------+----------+-------------------------------------------
     0 | D:1      | snetch the Minotaur Berserker began the quest for the Orb.
     0 | D:1      | Reached XP level 1. HP: 19/19 MP: 0/0
   222 | D:1      | Reached XP level 2. HP: 26/26 MP: 1/1
   507 | D:1      | Reached ** piety under Trog
   641 | D:1      | Found a faded altar of an unknown god.
   983 | D:1      | Reached XP level 3. HP: 30/33 MP: 2/2
  1338 | D:2      | Noticed Sigmund
  1357 | D:2      | Killed Sigmund
  1358 | D:2      | Reached skill level 5 in Axes
  1358 | D:2      | Reached skill level 1 in Throwing
  1358 | D:2      | Reached XP level 4. HP: 13/40 MP: 3/3
  1358 | D:2      | Reached XP level 5. HP: 15/46 MP: 4/4
  1618 | D:3      | Found an ornate altar of the Wu Jian Council.
  2072 | D:2      | Noticed Robin
  2089 | D:2      | Killed Robin
  2090 | D:2      | Reached skill level 5 in Armour
  2090 | D:2      | Reached XP level 6. HP: 38/52 MP: 5/5
  2843 | D:3      | Found an ancient bone altar of Kikubaaqudgha.
  2843 | D:3      | Found a sparkling altar of Nemelex Xobeh.
  2851 | D:3      | Found an opulent altar of Gozag.
  2853 | D:3      | Found a shimmering altar of Xom.
  2857 | D:3      | Found a hazy altar of Hepliaklqana.
  3044 | D:4      | Reached *** piety under Trog
  3140 | D:4      | Noticed Duvessa
  3140 | D:4      | Noticed Dowan
  3154 | D:4      | Killed Duvessa
  3154 | D:4      | Killed from afar by Dowan

Illustrated notes

Levels and vault maps discovered:
D:1:      lightli_iron_boxes, layout_basic,
          hellmonk_ecumenical_altar_leap_of_faith, moated_statue
D:2:      layout_basic, uniq_sigmund, uniq_robin
D:3:      layout_basic, chequers_temple_overflow_minitemple,
          mainiacjoe_overflow_cross_hatched, chequers_serial_rivers_micro_d
D:4:      kennysheep_kobold_camp, layout_gridville, guppyfry_early_orc_mine,
          uniq_duvessa, uniq_blork_the_orc

Skill      XL: |  1  2  3  4  5  6 |
---------------+-------------------+-----
Armour         | 3 4 5 |  5.7
Axes           | 4 5 |  5.6
Fighting       | 4 |  4.7
Throwing       | 1 2 |  2.3
Dodging        | 3 |  3.2
Stealth        | |  0.3

Action                   |  1- 3 |  4- 6 || total
-------------------------+-------+-------++-------
Melee: Hand axe          |    75 |   110 ||   185
       Headbutt          |    13 |    19 ||    32
       Punch             |       |     3 ||     3
Throw: Dart              |    15 |    12 ||    27
       Stone             |     3 |     1 ||     4
Invok: Berserk           |     1 |     1 ||     2
       Trog's Hand       |     1 |       ||     1
 Stab: Sleeping          |     1 |       ||     1
Armor: Ring mail         |    23 |    15 ||    38
       Animal skin       |     1 |       ||     1
       Chain mail        |       |    47 ||    47
Dodge: Dodged            |    53 |    42 ||    95

Table legend: (Time is in decaauts)
 A = Elapsed time spent in this place.
 B = Non-inter-level travel time spent in this place.
 C = Inter-level travel time spent in this place.
 D = Time resting spent in this place.
 E = Time spent auto-exploring this place.
 F = Levels seen in this place.
 G = Mean time per level.
                   A        B        C        D        E       F      G
               +--------+--------+--------+--------+--------+-----+--------+
         Total |   3170 |   3139 |     31 |      0 |   2339 |   4 |  792.5 |
       Dungeon |   3170 |   3139 |     31 |      0 |   2339 |   4 |  792.5 |
               +--------+--------+--------+--------+--------+-----+--------+

Top non-repeatable levels by time:
     D:2: 1107 daAuts
     D:1: 1024 daAuts
     D:3: 788 daAuts
     D:4: 250 daAuts
